 Dungeon Crawl Stone Soup version 0.19-a0-1834-g6b7851e (webtiles) character file.

125 Mordaer the Cudgeler (level 5, 0/30 HPs)
             Began as a Gargoyle Gladiator on Oct 8, 2016.
             Slain by a gnoll
             ... wielding a +0 spear
              (2 damage)
             ... on level 3 of the Dungeon.
             The game lasted 00:08:10 (592 turns).

Mordaer the Cudgeler (Gargoyle Gladiator)            Turns: 592, Time: 00:08:10

Health: 0/30       AC:  9    Str: 19    XL:     5   Next: 9%
Magic:  5/5        EV: 12    Int:  9    God:
Gold:   98         SH:  0    Dex: 10    Spells: 0 memorised, 4 levels left

rFire  . . .     SeeInvis .     a - +0 flail
rCold  . . .     Gourm    .     b - +0 leather armour
rNeg   + . .     Faith    .     (no shield)
rPois  ∞         Spirit   .     c - +0 helmet
rElec  +         Dismiss  .     (no cloak)
rCorr  .         Reflect  .     e - +0 pair of gloves
MR     .....     Harm     .     (no boots)
Stlth  +.........               o - amulet of regeneration
                                (no ring)
                                m - ring of wizardry

@: very slightly contaminated, invisible
A: negative energy resistance 1, electricity resistance, unbreathing,
petrification resistance, rot immunity, AC +4
a: no special abilities


You were on level 3 of the Dungeon.
You were not hungry.

You visited 1 branch of the dungeon, and saw 4 of its levels.

You collected 98 gold pieces.


Innate Abilities, Weirdness & Mutations

You are resistant to torment.
Your stone body is resilient. (AC +4)
You are immune to poison.
You resist negative energy. (rN+)
You are resistant to electric shocks. (rElec)
You can survive without breathing.
You are immune to petrification.
You are immune to rotting.


   Skills:
 - Level 2.1 Fighting
 + Level 5.6 Maces & Flails
 - Level 1.7 Throwing
 - Level 2.4 Dodging


You had 4 spell levels left.
You didn't know any spells.

Inventory:

Hand Weapons
 a - a +0 flail (weapon)
Missiles
 d - 2 throwing nets (quivered) {=f}
 p - 7 sling bullets
Armour
 b - a +0 leather armour (worn)
 c - a +0 helmet (worn)
 e - a +0 pair of gloves (worn)
Jewellery
 m - a ring of wizardry (left hand)
 o - an amulet of regeneration (around neck)
Scrolls
 g - a scroll of recharging {unknown}
 i - a scroll of amnesia {unknown}
 n - a scroll of remove curse {unknown}
Potions
 j - a potion of flight {unknown}
 q - a potion of ambrosia
Comestibles
 f - 3 bread rations
 h - 2 meat rations

Dungeon Overview and Level Annotations

Branches:
Dungeon (4/15)
 Temple: D:4-7

Altars:
Ashenzari
Elyvilon
Hepliaklqana
Makhleb
Nemelex Xobeh
Qazlal
Ru
Xom

Annotations:
D:3 Terence

▒........▒ .....▒
▒..▒▒....▒ ▒▒...▒▒
▒..▒▒..▒.▒ ▒▒.▒▒
▒.>....▒.▒ ▒.▒
▒▒.......▒ ▒.▒
▒▒▒▒.▒▒▒▒ ▒▒+▒▒
▒..▒.▒ ▒▒...▒▒
▒.▒.▒▒ ▒▒g....▒▒
▒.▒.▒▒ ▒▒.8.....▒▒
▒....▒▒▒▒..)......▒
▒.......'.........+
▒....▒▒▒▒.........▒
▒)▒.▒▒ ▒▒.......▒▒
▒.▒▒▒ ▒▒.....▒▒
▒...▒ ▒▒...▒▒ ▒...▒
▒▒+▒▒ ▒...▒


You could see a gnoll.


Message History

You closely miss the gnoll shaman.
The gnoll shaman is heavily wounded.
The gnoll closely misses you. The gnoll shaman hits you with a whip.
* * * LOW HITPOINT WARNING * * *
The gnoll closely misses you.
You hit the gnoll shaman.
The gnoll shaman is almost dead.
The gnoll shaman hits you with a whip.
* * * LOW HITPOINT WARNING * * *
The gnoll closely misses you.
You hit the gnoll shaman.
You kill the gnoll shaman!
You have reached level 5!
The gnoll barely misses you. The gnoll hits you but does no damage.
The gnoll misses you. The gnoll barely misses you.
There is a stone staircase leading down here.
You hit the gnoll but do no damage. The gnoll closely misses you.
You closely miss the gnoll. The gnoll barely misses you.
The gnoll hits you but does no damage.
You barely miss the gnoll. The gnoll closely misses you.
You barely miss the gnoll. The gnoll completely misses you.
The gnoll barely misses you.
You closely miss the gnoll. The gnoll hits you with a spear.
* * * LOW HITPOINT WARNING * * *
The gnoll barely misses you.
You hit the gnoll but do no damage. The gnoll completely misses you.
You hit the gnoll.
The gnoll is moderately wounded.
The gnoll barely misses you. The gnoll hits you with a spear.
You die...

Action                   |  1- 3 |  4- 6 || total
-------------------------+-------+-------++-------
Melee: Flail             |    64 |    19 ||    83
Throw: Throwing net      |     2 |       ||     2
  Use: Scroll            |     1 |     1 ||     2
       Potion            |     1 |     1 ||     2
 Stab: Held in net/web   |     3 |       ||     3
       Invisible         |     1 |       ||     1
Armor: Leather armour    |    15 |     4 ||    19
Dodge: Dodged            |    36 |    31 ||    67

Vault maps used:
D:1:      dpeg_arrival_prison
D:2:      first_bread
D:3:      grunt_temple_overflow_open, uniq_terence, uniq_sigmund
D:4:      st_stairs_2, kennysheep_dice, uniq_pikel, uniq_grinder, uniq_natasha,
          uniq_blork_the_orc, uniq_menkaure

Notes
Turn   | Place    | Note
-------+----------+-------------------------------------------
     0 | D:1      | Mordaer the Gargoyle Gladiator began the quest for the Orb.
     0 | D:1      | Reached XP level 1. HP: 12/12 MP: 1/1
    46 | D:1      | Reached XP level 2. HP: 15/17 MP: 2/2
   280 | D:2      | Reached skill level 4 in Maces & Flails
   316 | D:2      | Reached XP level 3. HP: 17/21 MP: 3/3
   405 | D:3      | Noticed Terence
   429 | D:3      | Found a shimmering altar of Xom.
   429 | D:3      | Found a sparkling altar of Nemelex Xobeh.
   429 | D:3      | Found a sacrificial altar of Ru.
   429 | D:3      | Found a shattered altar of Ashenzari.
   430 | D:3      | Found a white marble altar of Elyvilon.
   430 | D:3      | Found a hazy altar of Hepliaklqana.
   430 | D:3      | Found a stormy altar of Qazlal.
   431 | D:3      | Found a burning altar of Makhleb.
   503 | D:4      | Noticed Blork the orc
   531 | D:3      | Killed Blork the orc
   531 | D:3      | Reached skill level 5 in Maces & Flails
   531 | D:3      | Reached XP level 4. HP: 5/26 MP: 4/4
   583 | D:3      | HP: 1/26 [gnoll shaman/whip (5)]
   584 | D:3      | Reached XP level 5. HP: 2/30 MP: 5/5
   590 | D:3      | HP: 1/30 [gnoll/spear (4)]
   592 | D:3      | Slain by a gnoll

Vanquished Creatures
  Blork the orc (D:3)
  A gnoll shaman (D:3)
  An adder (D:2)
  A worm (D:2)
  A dart slug (D:1)
  A bat (D:3)
  3 giant cockroaches
  5 goblins
  A hobgoblin (D:3)
  3 jackals (D:1)
  A quokka (D:2)
  A frilled lizard (D:3)
  3 rats
23 creatures vanquished.
